 Dungeon Crawl Stone Soup version 0.19-a0-1127-gac58878 (webtiles) character file.

77 epen the Ducker (level 4, -6/21 HPs)
             Began as a Felid Monk on Aug 12, 2016.
             Was a Believer of Dithmenos.
             Killed by divine providence
             ... invoked by an orc priest
              (12 damage)
             ... on level 3 of the Dungeon.
             The game lasted 00:03:59 (2886 turns).

epen the Ducker (Felid Monk)                        Turns: 2886, Time: 00:04:00

Health: -6/21      AC:  1    Str:  7    XL:     4   Next: 13%
Magic:  5/5        EV: 20    Int: 12    God:    Dithmenos [**....]
Gold:   98         SH:  0    Dex: 18    Spells: 0 memorised, 3 levels left
                                        Lives:  0   Deaths: 1

rFire  . . .     SeeInvis +       - Unarmed
rCold  . . .     Gourm    .     (armour unavailable)
rNeg   + . .     Faith    .     (shield unavailable)
rPois  .         Spirit   .     (helmet unavailable)
rElec  .         Dismiss  .     (cloak unavailable)
rCorr  .         Reflect  .     (gloves unavailable)
SustAt .         Harm     .     (boots unavailable)
MR     .....                    j - amulet of regeneration
Stlth  ++++......               (no ring)
                                p - ring of positive energy

@: wreathed by umbra, quick
A: no armour, no weapons or thrown items, claws 1, fangs 3, see invisible,
carnivore 3, speed 1, shaggy fur 1, slow metabolism 1, sharp paws
a: Shadow Step, Renounce Religion


You were on level 3 of the Dungeon.
You worshipped Dithmenos.
Dithmenos was pleased with you.
You were full.

You visited 1 branch of the dungeon, and saw 3 of its levels.

You collected 98 gold pieces.

Inventory:

Jewellery
 j - an amulet of regeneration (around neck)
 p - a ring of positive energy (left paw)
 q - an uncursed amulet of magic regeneration {unknown}
Scrolls
 b - a scroll of identify {unknown}
 c - a scroll of magic mapping {unknown}
 d - 3 scrolls of fear {unknown}
 e - 2 scrolls of remove curse {unknown}
 i - a scroll of noise {unknown}
 k - a scroll of random uselessness {unknown}
 l - 2 scrolls of amnesia {unknown}
Potions
 g - a potion of ambrosia {unknown}
 m - a potion of beneficial mutation {unknown}
 n - 2 potions of invisibility {unknown}
 o - a potion of curing {unknown}
Comestibles
 a - 2 meat rations
 f - a slice of pizza
 h - 3 beef jerkies


   Skills:
 + Level 3.6 Fighting
 + Level 4.9 Dodging
 + Level 4.2 Stealth
 * Level 4.2 Unarmed Combat


You had 3 spell levels left.
You didn't know any spells.

Dungeon Overview and Level Annotations

Branches:
Dungeon (3/15)

Altars:
Dithmenos
Fedhas
Kikubaaqudgha


Innate Abilities, Weirdness & Mutations

You cannot wear armour.
You are incapable of wielding weapons or throwing items.
You have sharp claws.
You have razor-sharp teeth.
You have supernaturally acute eyesight. (SInv)
You are carnivorous and can eat meat at any time.
You cover ground quickly.
You are covered in fur. (AC +1)
You have a slow metabolism.
Your sharp claws are effective at attacking unaware monsters.


Message History

There are monsters nearby!
There are monsters nearby!
The orc misses you.
Found 12 gold pieces.
You closely miss the orc. The bat hits you but does no damage.
The orc completely misses you.
You scratch the orc.
The orc is lightly wounded.
The bat hits you but does no damage.
You scratch the orc.
The orc is almost dead.
The bat hits you but does no damage. The orc hits you with a flail.
The bat misses you.
The orc priest calls down the wrath of Beogh upon you.
Beogh smites you!
* * * LOW HITPOINT WARNING * * *
The orc priest mumbles some strange prayers to Beogh against you.
Beogh smites you!
Ouch! That really hurt!
You die...

#............#.†.###..##
#..P.....oP..#)### #.##
#......g......).# #.#
#...P..P....#.#.# #.#
#.$......#.#...# #.#
#..o..## ##. # #.# #b#
.. .# #.# .# #@# ##.#
#.# #.. #.# ... #.# #.#
#.# #.# #.######.######
#...†.........#
########.####.# #.# #.#


You could see an orc priest, a gnoll, an orc and a bat.

Vanquished Creatures
  An orc wizard (D:3)
  3 adders (D:3)
  An ooze (D:1)
  A worm (D:2)
  3 dart slugs
  4 giant geckos (D:1)
  An orc (D:3)
  5 bats
  2 giant cockroaches (D:3)
  9 goblins
  5 hobgoblins
  7 jackals (D:1)
  3 quokkas
  A ball python (D:1)
  A giant newt (D:3)
  13 kobolds
  8 rats
68 creatures vanquished.

Notes
Turn   | Place    | Note
-------+----------+-------------------------------------------
     0 | D:1      | epen the Felid Monk began the quest for the Orb.
     0 | D:1      | Reached XP level 1. HP: 10/10 MP: 2/2
   370 | D:1      | Reached XP level 2. HP: 4/14 MP: 3/3
  1048 | D:1      | Reached XP level 3. HP: 14/17 MP: 4/4
  2072 | D:2      | Reached XP level 4. HP: 21/21 MP: 5/5
  2077 | D:2      | Found a blossoming altar of Fedhas.
  2453 | D:3      | Found a shadowy altar of Dithmenos.
  2551 | D:3      | Became a worshipper of Dithmenos the Shadowed
  2551 | D:3      | Reached * piety under Dithmenos
  2551 | D:3      | Reached ** piety under Dithmenos
  2731 | D:3      | Found an ancient bone altar of Kikubaaqudgha.
  2750 | D:3      | Splashed by a gnoll's acid
  2751 | D:3      | Reached XP level 3. HP: -13/17 MP: 4/4
  2831 | D:3      | Reached XP level 4. HP: 21/21 MP: 5/5
  2886 | D:3      | Killed from afar by an orc priest

Vault maps used:
D:1:      matt_arrival_refuge, hex_medium, minivault_11
D:2:      fedhas_altar_3, minmay_misc_feat_cross
D:3:      old_standard_altar, minmay_misc_feat_plants, st_stairs_14,
          nicolae_dithmenos_through_a_glass_darkly, uniq_grinder, uniq_terence

Skill      XL: |  1  2  3  4 |
---------------+-------------+-----
Stealth        | 3 4 |  4.2
Unarmed Combat | 4 |  4.2
Fighting       | |  3.6
Dodging        | |  4.9

Action                   |  1- 3 |  4- 6 || total
-------------------------+-------+-------++-------
Melee: Unarmed           |   157 |    42 ||   199
       Punch             |     1 |     1 ||     2
       Bite              |    10 |     3 ||    13
 Stab: Distracted        |     2 |       ||     2
       Sleeping          |    12 |     8 ||    20
  Eat: Chunk             |    12 |     1 ||    13
Armor: Skin              |     7 |     5 ||    12
Dodge: Dodged            |   135 |    32 ||   167
